 Dungeon Crawl Stone Soup version 0.30-a0-830-gfe289a77b0 (webtiles) character file.

Game seed: 11915724973912082740

3 jasper the Trooper (level 1, -1/18 HPs)
             Began as a Demonspawn Cinder Acolyte on Feb 28, 2023.
             Was a High Priest of Ignis.
             Succumbed to a kobold's poison
             ... on level 1 of the Dungeon.
             The game lasted 00:00:31 (176 turns).

jasper the Trooper (Demonspawn Cinder Acolyte)       Turns: 176, Time: 00:00:32

Health: -1/18      AC:  3    Str: 14    XL:     1   Next: 41%
Magic:  2/2        EV: 11    Int: 15    God:    Ignis [*****.]
Gold:   22         SH:  0    Dex:  8    Spells: 2/2 levels left

rFire   + . .      SeeInvis .    a - -1 spear (flame)
rCold   . . .      Faith    .    (no shield)
rNeg    . . .      Spirit   .    c - +0 leather armour
rPois   .          Reflect  .    (no helmet)
rElec   .          Harm     .    (no cloak)
rCorr   .          Rampage  .    (no gloves)
Will    .....                    (no boots)
Stlth   +                        (no amulet)
HPRegen 0.23/turn                (no ring)
MPRegen 0.08/turn                (no ring)

@: lethally poisoned (-1 -> -14)
A: no striking features
a: Renounce Religion, Fiery Armour, Foxfire Swarm, Rising Flame


You were on level 1 of the Dungeon.
You worshipped Ignis.
Ignis was extremely pleased with you.
You visited 1 branch of the dungeon, and saw 1 of its levels.

You collected 22 gold pieces.

Inventory:

Hand Weapons
 a - a -1 spear of flaming (weapon)
Armour
 b - a +0 robe
 c - a +0 leather armour (worn)
Scrolls
 e - a scroll of teleportation {unknown}
Potions
 d - a potion of heal wounds {unknown}


   Skills:
 + Level 3.2 Fighting
 - Level 2.6 Polearms
 - Level 1.0 Spellcasting
 - Level 2.6 Fire Magic


You had 2 spell levels left.
You didn't know any spells.
Your spell library contained the following spells:

 Spells                   Type           Power      Damage    Failure   Level
 Scorch                   Fire           16%        2d6       16%         2


Dungeon Overview and Level Annotations

Branches:
Dungeon (1/15)

Altars:

Shops:
D:1 [


Message History

The kobold is heavily wounded.
The kobold hits you with a +2 short sword of venom.
You take 4 damage, and have 14/18 hp.
MASSIVE DAMAGE!!
Reach: a) -1 spear (flame)
Press: ? - help, Dir - move target, f/p - kobold
Aim: a kobold, wielding a +2 short sword of venom and quivering stones (heavily wounded, about 50% to evade your -1 spear of flaming)
You closely miss the kobold.
The kobold is heavily wounded.
The kobold hits you with a +2 short sword of venom.
You take 3 damage, and have 11/18 hp.
Reach: a) -1 spear (flame)
Press: ? - help, Dir - move target, f/p - kobold
Aim: a kobold, wielding a +2 short sword of venom and quivering stones (heavily wounded, about 50% to evade your -1 spear of flaming)
You closely miss the kobold.
The kobold is heavily wounded.
The kobold hits you with a +2 short sword of venom.
You are lethally poisoned!
You take 3 damage, and have 8/18 hp.
Reach: a) -1 spear (flame)
Press: ? - help, Dir - move target, f/p - kobold
Aim: a kobold, wielding a +2 short sword of venom and quivering stones (heavily wounded, about 50% to evade your -1 spear of flaming)
You closely miss the kobold.
The kobold is heavily wounded.
You feel very sick. The kobold hits you but does no damage.
You are more poisoned.
You take 2 damage, and have 6/18 hp.
Reach: a) -1 spear (flame)
Press: ? - help, Dir - move target, f/p - kobold
Aim: a kobold, wielding a +2 short sword of venom and quivering stones (heavily wounded, about 50% to evade your -1 spear of flaming)
You hit the kobold but do no damage.
The kobold is heavily wounded.
* * * LOW HITPOINT WARNING * * *
You feel very sick. The kobold barely misses you.
You take 4 damage, and have 2/18 hp.
MASSIVE DAMAGE!!
Activating: Foxfire Swarm
Press: ? - help, Dir - look around, f - activate Flames leap up around you!
You die...

#### ##########..#
##..........8#
####...######.#>####
#..........#.8.∩.8!#
#.##...###.#..#.##.....
#.###†## ##v#8# ###. #.#
#.# #.##v#v###### ###.#
#.# #..vv@Kv.....
#...###.#######v##v..###
#>............vv. .$....
....###.#.##.##.# ...###
##..# #....#.##.# # #..#
#......##.# ##..#
#.........### ....#
#...........# #...#
##...######.#


You could see a kobold (ally target).

Vanquished Creatures
  An endoplasm (D:1)
  A kobold (D:1)
  A rat (D:1)
3 creatures vanquished.

Notes
Turn   | Place    | Note
-------+----------+-------------------------------------------
     0 | D:1      | jasper the Demonspawn Cinder Acolyte began the quest for
                  | the Orb.
     0 | D:1      | Reached XP level 1. HP: 18/18 MP: 2/2
   151 | D:1      | Found Weivug's Antique Armour Emporium.
   176 | D:1      | Succumbed to a kobold's poison

Illustrated notes

Levels and vault maps discovered:
D:1:      wheals_arrival_linesprint, layout_loops_ring, serial_shops,
          nicolae_shop_statue_plus, minmay_misc_feat_columns

Action                     || total
---------------------------++-------
  Melee: Spear             ||    14
 Invoke: Foxfire Swarm     ||     1
 Armour: Leather armour    ||     1
  Dodge: Dodged            ||     1

Table legend: (Time is in decaauts)
 A = Elapsed time spent in this place.
 B = Non-inter-level travel time spent in this place.
 C = Inter-level travel time spent in this place.
 D = Time resting spent in this place.
 E = Time spent auto-exploring this place.
 F = Levels seen in this place.
 G = Mean time per level.
                   A        B        C        D        E       F      G
               +--------+--------+--------+--------+--------+-----+--------+
         Total |    175 |    162 |     13 |      0 |    113 |   1 |  175.0 |
       Dungeon |    175 |    162 |     13 |      0 |    113 |   1 |  175.0 |
               +--------+--------+--------+--------+--------+-----+--------+

Top non-repeatable levels by time:
     D:1: 175 daAuts
